 Dungeon Crawl Stone Soup version 0.28-a0-1087-gf3fc490d9d (webtiles) character file.

Game seed: 2941736505804713273

3089 tkbsonic5 the Fighter (level 9, -8/82 HPs)
             Began as a Minotaur Abyssal Knight on Dec 10, 2021.
             Was a Priest of Lugonu.
             Mangled by an ogre (21 damage)
             ... on level 7 of the Dungeon.
             The game lasted 00:17:44 (8382 turns).

tkbsonic5 the Fighter (Minotaur Abyssal Knight)     Turns: 8382, Time: 00:17:45

Health: -8/82      AC: 14    Str: 23    XL:     9   Next: 59%
Magic:  13/13      EV:  8    Int:  7    God:    Lugonu [***...]
Gold:   262        SH:  0    Dex: 10    Spells: 8/8 levels left

rFire   . . .      SeeInvis .   t - +1 broad axe (flame) {Da'at}
rCold   . . .      Faith    .   (no shield)
rNeg    . . .      Spirit   .   w - +1 plate armour
rPois   .          Reflect  .   (helmet restricted)
rElec   .          Harm     .   e - +0 cloak
rCorr   .          Rampage  .   (no gloves)
Will    .....                   (no boots)
Stlth   ..........              (no amulet)
HPRegen 0.23/turn               (no ring)
MPRegen 0.13/turn               (no ring)

@: no status effects
A: horns 2, retaliatory headbutt
a: Renounce Religion, Depart the Abyss, Bend Space, Banish


You were on level 7 of the Dungeon.
You worshipped Lugonu.
Lugonu was most pleased with you.
You visited 1 branch of the dungeon, and saw 7 of its levels.
You visited the Abyss 1 time.

You collected 262 gold pieces.

Inventory:

Hand Weapons
 a - a +0 shortbow
 t - a +1 broad axe of flaming (weapon) {Da'at}
 B - a +0 hand crossbow
Missiles
 p - 32 bolts
 s - 87 arrows
Armour
 e - a +0 cloak (worn)
 w - a +1 plate armour (worn)
Magical Staves
 b - a staff of poison
Jewellery
 c - a ring of wizardry
Wands
 y - a wand of paralysis (12)
Scrolls
 k - a scroll of brand weapon {unknown}
 q - 3 scrolls of immolation
 r - a scroll of teleportation
 x - a scroll of blinking {unknown}
 A - a scroll of identify
Potions
 d - a potion of ambrosia {unknown}
 g - 2 potions of haste
 h - a potion of curing
 i - 2 potions of heal wounds {unknown}
 j - 7 potions of brilliance {unknown}
 m - a potion of berserk rage {unknown}
 o - 2 potions of magic {unknown}
 u - a potion of cancellation {unknown}
 v - a potion of mutation {unknown}
 z - 3 potions of flight {unknown}


   Skills:
 * Level 8.8 Fighting
 * Level 8.3 Axes
 * Level 2.2 Crossbows
 + Level 6.0 Armour
 + Level 5.0 Dodging
 * Level 6.8 Invocations


You had 8 spell levels left.
You didn't know any spells.
Your spell library contained the following spells:

 Spells                   Type           Power      Damage    Failure   Level
 Sandblast                Erth           0%         2d4       100%        1
 Ensorcelled Hibernation  Hex/Ice        0%         N/A       100%        2
 Passwall                 Tmut/Erth      0%         N/A       100%        2
 Call Canine Familiar     Summ           0%         N/A       100%        3
 Portal Projectile        Hex/Tloc       0%         N/A       100%        3
 Spider Form              Tmut/Pois      0%         N/A       100%        3
 Stone Arrow              Conj/Erth      0%         3d7       100%        3
 Leda's Liquefaction      Hex/Erth       0%         N/A       100%        4


Dungeon Overview and Level Annotations

Branches:
Dungeon (7/15)             Temple (0/1) D:5

Altars:
Ru

Annotations:
Abyss:1 Menkaure


Innate Abilities, Weirdness & Mutations

You have a pair of horns on your head.
You reflexively headbutt those who attack you in melee.


Message History

You slash the centaur! You burn the centaur.
You kill the centaur!
Lugonu accepts your kill.
You feel very sick.
A black bear comes into view.
Your Dodging skill increases to level 5!
You feel very sick.
You hit the bullfrog. You burn the bullfrog. You headbutt the bullfrog.
The bullfrog is moderately wounded.
You feel very sick. The bullfrog completely misses you.
You furiously retaliate!
You headbutt the bullfrog.
The bullfrog hits you but does no damage.
You slice the bullfrog!! You burn the bullfrog.
You kill the bullfrog!
Lugonu accepts your kill.
You feel very sick.
Your Crossbows skill increases to level 2!
Your Armour skill increases to level 6!
You feel sick.
You hit the black bear. You burn the black bear. You headbutt the black bear.
The black bear is moderately wounded.
You feel sick. The black bear bites you.
The black bear claws you but does no damage. x2
You slice the black bear!! You burn the black bear.
You kill the black bear!
Lugonu accepts your kill.
You feel sick.
You hit the ogre. You burn the ogre.
The ogre is lightly wounded.
You feel sick.
The ogre hits you with a +0 giant spiked club!
You slice the ogre!! You burn the ogre. You headbutt the ogre.
The ogre is almost dead.
You feel sick.
The ogre hits you with a +0 giant spiked club!!
* * * LOW HITPOINT WARNING * * *
You feel better.
The ogre hits you with a +0 giant spiked club!!
You die...

## ##. .# #. ## .# #. #. .#
#h ##. .# #. ..... .#. ####.
#)# .# #. ###O### ##.# #.
##..#@.## ... #.
##..#.#..##... ##
##.†#...#..##.###
#..#..#..#..#...# #
#O#..#.#..#.#.#.# ##
..#..#)?.#..#..#)# ##.
..#.#..#.#..#.#.#.## ##..
....#.(#..#..#..#....####...
... ##..#...#..##.....).'...


You could see an ogre.

Vanquished Creatures
  Grinder (D:6)
  A slime creature (D:7)
  A wraith (D:4)
  A vampire mosquito (D:7)
  A water moccasin (D:4)
  2 orc warriors
  2 sky beasts (D:7)
  A black bear (D:7)
  2 ogres (D:7)
  2 centaurs (D:7)
  3 phantoms
  A bullfrog (D:7)
  3 scorpions
  A vampire bat (D:4)
  7 wights
  A bullfrog zombie (D:5)
  2 hounds
  A gnoll shaman (D:5)
  A jelly (D:7)
  A bullfrog skeleton (D:6)
  2 iguanas
  2 orc wizards
  A scorpion zombie (D:5)
  A killer bee zombie (D:7)
  A hound zombie (D:5)
  11 adders
  7 gnolls
  A howler monkey skeleton (D:7)
  A shadow imp (D:7)
  2 ufetubi
  2 worms
  2 dart slugs
  13 orcs
  3 ball pythons
  8 bats
  6 endoplasms
  2 giant cockroaches
  2 goblins
  9 hobgoblins
  3 jackals (D:2)
  3 kobolds
  2 quokkas
  2 frilled lizards (D:3)
  A rat (D:1)
122 creatures vanquished.

Vanquished Creatures (others)
  A jelly (D:6)
  An orc wizard (D:5)
  2 plants (D:6)
4 creatures vanquished.

Grand Total: 126 creatures vanquished

Notes
Turn   | Place    | Note
-------+----------+-------------------------------------------
     0 | Abyss:1  | tkbsonic5 the Minotaur Abyssal Knight began the quest for
                  | the Orb.
     0 | Abyss:1  | Reached XP level 1. HP: 19/19 MP: 1/1
     2 | Abyss:1  | Found a corrupted altar of Lugonu.
    37 | D:1      | Escaped the Abyss
    81 | D:1      | Found a faded altar of an unknown god.
   252 | D:1      | Reached XP level 2. HP: 24/27 MP: 2/2
   664 | D:1      | You fall into a shaft and drop 1 floor!
  1011 | D:2      | Reached XP level 3. HP: 33/33 MP: 3/3
  2234 | D:3      | Reached XP level 4. HP: 23/41 MP: 4/4
  2648 | D:3      | Reached ** piety under Lugonu
  3132 | D:3      | Reached XP level 5. HP: 24/47 MP: 6/6
  3411 | D:4      | Noticed a water moccasin
  3421 | D:4      | Killed a water moccasin
  3422 | D:4      | Reached skill level 5 in Fighting
  3422 | D:4      | Reached XP level 6. HP: 35/56 MP: 7/7
  3802 | D:4      | Reached skill level 5 in Axes
  4255 | D:5      | Entered Level 5 of the Dungeon
  4278 | D:5      | Noticed a wraith
  4283 | D:5      | Reached XP level 7. HP: 51/62 MP: 9/9
  4588 | D:4      | Killed a wraith
  5143 | D:5      | Reached *** piety under Lugonu
  5374 | D:5      | Found a staircase to the Ecumenical Temple.
  5654 | D:5      | Reached XP level 8. HP: 57/71 MP: 10/10
  5659 | D:5      | Reached skill level 5 in Invocations
  6250 | D:6      | Noticed Menkaure
  6252 | D:6      | Banished Menkaure
  6680 | D:6      | Noticed Grinder
  6692 | D:6      | Reached skill level 5 in Armour
  6693 | D:6      | Killed Grinder
  7106 | D:6      | Identified a scroll of acquirement
  7106 | D:6      | Acquired a +1 broad axe of flaming
  7641 | D:6      | Found a sacrificial altar of Ru.
  7765 | D:7      | Reached XP level 9. HP: 58/76 MP: 12/12
  8275 | D:7      | Reached skill level 1 in Crossbows
  8374 | D:7      | Reached skill level 5 in Dodging
  8381 | D:7      | HP: 2/82 [ogre (24)]
  8382 | D:7      | Mangled by an ogre

Illustrated notes

Levels and vault maps discovered:
D:1:      sevenhm_arrival_forest_fort_small_4, layout_basic,
          shapermc_ecumenical_altar_pompeii, kennysheep_minor_cross,
          minmay_fountain_box, minmay_hexomino_u4
D:2:      wander_river, layout_loops_corners
D:3:      layout_basic, minmay_close_crescents
D:4:      layout_rooms, portal_sewer_entry_d, roderic_batcave
D:5:      kennysheep_six_static_rooms, layout_basic,
          minmay_temple_entry_glassed_door, amcnicky_mini_pool_small,
          lemuel_flamethrower_1
D:6:      layout_rooms, mainiacjoe_overflow_surrounded_room,
          hangedman_glass_garden, minivault_27, lemuel_flame_loot_1,
          uniq_grinder, uniq_menkaure
D:7:      minmay_the_grid_octo_2x2 [minmay_the_grid_octo_checkered,
          minmay_the_grid_octo_thin_diamonds, minmay_the_grid_octo_empty,
          minmay_the_grid_octo_prize_ultimate_mussel_roller],
          layout_loops_corners, uniq_joseph

Skill      XL: |  1  2  3  4  5  6  7  8  9 |
---------------+----------------------------+-----
Invocations    | 2 3 4 6 |  6.8
Fighting       | 4 5 6 8 |  8.8
Axes           | 3 4 5 6 7 8 |  8.3
Armour         | 3 4 5 6 |  6.0
Dodging        | 2 3 4 5 |  5.0
Crossbows      | 2 |  2.2

Action                   |  1- 3 |  4- 6 |  7- 9 || total
-------------------------+-------+-------+-------++-------
Melee: Hand axe          |    55 |    13 |       ||    68
       Headbutt          |     9 |    16 |    43 ||    68
       War axe           |       |   119 |   130 ||   249
       Broad axe         |       |       |    87 ||    87
 Fire: Hand crossbow     |       |       |     1 ||     1
Invok: Bend Space        |       |     1 |     4 ||     5
       Banish            |       |       |     1 ||     1
  Use: Scroll            |     3 |     5 |     4 ||    12
       Potion            |       |       |     3 ||     3
 Stab: Sleeping          |       |       |     1 ||     1
Armor: Leather armour    |    17 |       |       ||    17
       Chain mail        |    10 |   113 |    59 ||   182
       Plate armour      |       |       |    66 ||    66
Dodge: Dodged            |    41 |    73 |    92 ||   206

Table legend: (Time is in decaauts)
 A = Elapsed time spent in this place.
 B = Non-inter-level travel time spent in this place.
 C = Inter-level travel time spent in this place.
 D = Time resting spent in this place.
 E = Time spent auto-exploring this place.
 F = Levels seen in this place.
 G = Mean time per level.
                   A        B        C        D        E       F      G
               +--------+--------+--------+--------+--------+-----+--------+
         Total |   8522 |   8416 |    106 |   1852 |   5370 |   8 | 1065.2 |
       Dungeon |   8485 |   8379 |    106 |   1852 |   5368 |   7 | 1212.1 |
         Abyss |     37 |     37 |      0 |      0 |      2 |   1 |   37.0 |
               +--------+--------+--------+--------+--------+-----+--------+

Top non-repeatable levels by time:
     D:5: 1957 daAuts
     D:4: 1380 daAuts
     D:3: 1378 daAuts
     D:6: 1128 daAuts
     D:1: 1093 daAuts
     D:2: 881 daAuts
     D:7: 665 daAuts
 Abyss:1: 37 daAuts
